 Dungeon Crawl Stone Soup version 0.25-a0-617-g20d90ebb82 (webtiles) character file.

Game seed: 11330301619638941336, levelgen mode: deterministic

51 Envy91 the Chopper (level 3, -5/31 HPs)
             Began as a Minotaur Fighter on Mar 18, 2020.
             Killed by divine providence
             ... invoked by an orc priest
              (10 damage)
             ... on level 2 of the Dungeon.
             The game lasted 00:19:29 (1893 turns).

Envy91 the Chopper (Minotaur Fighter)               Turns: 1893, Time: 00:19:29

Health: -5/31      AC:  9    Str: 21    XL:     3   Next: 58%
Magic:  2/2        EV:  5    Int:  5    God:
Gold:   37         SH:  9    Dex:  9    Spells: 2/2 levels left

rFire    . . .     SeeInvis .   a - +0 war axe
rCold    . . .     Gourm    .   c - +0 kite shield
rNeg     . . .     Faith    .   q - +0 chain mail
rPois    .         Spirit   .   (helmet restricted)
rElec    .         Reflect  .   (no cloak)
rCorr    .         Harm     .   (no gloves)
MR       .....                  (no boots)
Stlth    ..........             (no amulet)
HPRegen  0.10/turn              (no ring)
MPRegen  0.08/turn              (no ring)

@: no status effects
A: retaliatory headbutt, horns 2
a: no special abilities


You were on level 2 of the Dungeon.
You were not hungry.

You visited 1 branch of the dungeon, and saw 2 of its levels.

You collected 37 gold pieces.

Inventory:

Hand Weapons
 a - a +0 war axe (weapon)
 b - a +0 flail of holy wrath
 r - a cursed -1 shortbow
Missiles
 e - 124 stones (quivered)
 j - 18 bolts
 n - 10 poisoned darts
Armour
 c - a +0 kite shield (worn)
 q - a +0 chain mail (worn)
Scrolls
 l - a scroll of random uselessness {unknown}
 m - 2 scrolls of immolation {unknown}
 o - a scroll of identify {unknown}
Potions
 d - a potion of might
 g - a potion of lignification {unknown}
 h - a potion of degeneration {unknown}
 i - 2 potions of heal wounds {unknown}
 k - a potion of stabbing {unknown}
Comestibles
 f - 5 rations
 p - a chunk of flesh


   Skills:
 - Level 3.6 Fighting
 + Level 4.9 Axes
 - Level 3.6 Armour
 - Level 3.6 Shields


You had 2 spell levels left.
You didn't know any spells.
Your spell library was empty.

Dungeon Overview and Level Annotations

Branches:
Dungeon (2/15)

Altars:


Innate Abilities, Weirdness & Mutations

You reflexively headbutt those who attack you in melee.
You have a pair of horns on your head.


Message History

b - a +0 flail of holy wrath
m - 2 scrolls labeled WUTITAI FOQA (gained 1)
You slash the orc priest!
The orc priest is heavily wounded.
The orc priest mumbles some strange prayers to Beogh against you.
You barely resist. You closely miss the orc priest.
You headbutt the orc priest.
The orc priest is almost dead.
The orc priest mumbles some strange prayers to Beogh against you.
Beogh smites you!
* * * LOW HITPOINT WARNING * * *
You are too injured to fight recklessly!
The orc priest hits you but does no damage.
You are too injured to fight recklessly!
You are too injured to fight recklessly!
You are too injured to fight recklessly!
The orc priest looks braver for a moment.
The orc priest calls down the wrath of Beogh upon you.
Beogh smites you!
You die...

... #....# #o.
######....#
#..###<...#....#
#>......#.#....#
##.####.#.#[...##
#K.o.#.........###
#.##o#..##.......#
#######.#...#.......#
...<....@.#.#.......#
.######.###.........#
#.# ##.##..#### #.#
#.##..# #.# #..#..#
#.#####.#..#
#..........#
#######...## ##..#


You could see an orc priest and an orc.

Vanquished Creatures
  An adder (D:2)
  An ooze (D:1)
  2 dart slugs (D:1)
  2 leopard geckos (D:1)
  An orc (D:2)
  3 bats
  2 giant cockroaches (D:1)
  2 goblins (D:1)
  7 hobgoblins (D:1)
  A ball python (D:1)
  3 frilled lizards (D:1)
  2 kobolds (D:1)
  4 rats (D:1)
31 creatures vanquished.

Notes
Turn   | Place    | Note
-------+----------+-------------------------------------------
     0 | D:1      | Envy91 the Minotaur Fighter began the quest for the Orb.
     0 | D:1      | Reached XP level 1. HP: 19/19 MP: 0/0
   120 | D:1      | Reached skill level 3 in Axes
   302 | D:1      | Reached XP level 2. HP: 24/26 MP: 1/1
   543 | D:1      | Reached skill level 4 in Axes
   789 | D:1      | Reached XP level 3. HP: 29/31 MP: 2/2
  1893 | D:2      | Killed from afar by an orc priest

Levels and vault maps discovered:
D:1:      evilmike_arrival_rings, layout_basic, minmay_heptomino_d4
D:2:      layout_basic, grunt_temple_overflow_open

Skill      XL: |  1  2 |
---------------+-------+-----
Axes           | 3 4 |  4.9
Fighting       | |  3.6
Armour         | |  3.6
Shields        | |  3.6

Action                   || total
-------------------------++-------
Melee: War axe           ||    88
       Headbutt          ||    11
  Eat: Ration            ||     1
Armor: Scale mail        ||    43
       Chain mail        ||     7
Dodge: Dodged            ||    32
Block: Kite shield       ||    47

Table legend:
 A = Non-vault XP
 B = Vault XP
 C = Vault XP percentage of total XP
 D = Non-vault monster count
 E = Vault monster count
 F = Vault count percentage of total count
                 A         B        C        D         E       F
            +---------+---------+-------+---------+---------+-------
      Total |      71 |       3 |   4.1 |      28 |       3 |   9.7
            +---------+---------+-------+---------+---------+-------
        D:1 |      54 |       3 |   5.3 |      25 |       3 |  10.7
        D:2 |      17 |       0 |   0.0 |       3 |       0 |   0.0
            +---------+---------+-------+---------+---------+-------
